 Dungeon Crawl Stone Soup version 0.21.1-1-g345015f (webtiles) character file.

143 nightchill the Magician (level 5, -3/35 HPs)
             Began as a Mummy Wizard on Mar 24, 2018.
             Was an Initiate of Gozag.
             Killed from afar by an orc wizard (10 damage)
             ... with a puff of flame
             ... on level 3 of the Dungeon.
             The game lasted 00:14:54 (3958 turns).

nightchill the Magician (Mummy Wizard)              Turns: 3958, Time: 00:14:55

Health: -3/35      AC:  4    Str: 10    XL:     5   Next: 4%
Magic:  0/11       EV: 12    Int: 18    God:    Gozag
Gold:   366        SH:  0    Dex: 11    Spells: 5/12 levels left

rFire    x . .     SeeInvis .   a - +1 dagger (flame)
rCold    + . .     Gourm    .   (no shield)
rNeg     + + +     Faith    .   d - +0 robe
rPois    ∞         Spirit   .   g - +0 hat
rElec    .         Reflect  .   (no cloak)
rCorr    .         Harm     .   p - +0 pair of gloves
MR       .....                  l - +0 pair of boots
Stlth    ++........             (no amulet)
HPRegen  0.11/turn              (no ring)
MPRegen  0.12/turn              (no ring)

@: no status effects
A: no food or potions, fire vulnerability, cold resistance 1, negative energy
resistance 3, torment resistance, unbreathing
a: Potion Petition, Call Merchant, Bribe Branch, Renounce Religion


You were on level 3 of the Dungeon.
You worshipped Gozag.
Gozag was aware of your devotion.
You were not hungry.

You visited 1 branch of the dungeon, and saw 4 of its levels.

You collected 423 gold pieces.
You paid 57 gold pieces to Gozag.

Inventory:

Hand Weapons
 a - a +1 dagger of flaming (weapon)
 b - a +0 hunting sling
 j - a +0 short sword
Missiles
 e - 11 stones (quivered)
Armour
 d - a +0 robe (worn)
 g - a +0 hat (worn)
 k - a +0 ring mail of magic resistance
 l - a +0 pair of boots (worn)
 p - a +0 pair of gloves (worn)
Scrolls
 f - 3 scrolls of identify {unknown}
 h - 2 scrolls of teleportation {unknown}
 i - a scroll of remove curse {unknown}
 m - a scroll of blinking {unknown}
 n - a scroll of enchant armour {unknown}
 o - a scroll of immolation {unknown}
 q - a scroll of magic mapping {unknown}
Books
 c - a book of Minor Magic

   Spells                             Type                      Level
   a - Magic Dart                     Conjuration                  1
   b - Blink                          Translocation                2
   c - Call Imp                       Summoning                    2
   d - Slow                           Hexes                        2
   e - Conjure Flame                  Conjuration/Fire             3
   f - Mephitic Cloud                 Conjuration/Poison/Air       3


   Skills:
 - Level 1.5 Dodging
 - Level 1.5 Stealth
 - Level 4.0 Spellcasting
 + Level 3.1 Conjurations
   Level 0.7 Summonings
   Level 0.7 Translocations
 + Level 1.5 Air Magic
 + Level 1.5 Poison Magic


You had 5 spell levels left.
You knew the following spells:

 Your Spells              Type           Power        Failure   Level  Hunger
a - Magic Dart            Conj           ##..         4%          1    N/A
b - Mephitic Cloud        Conj/Pois/Air  ##......     19%         3    N/A
c - Conjure Flame         Conj/Fire      #.......     24%         3    N/A

Dungeon Overview and Level Annotations

Branches:
Dungeon (4/15)
 Temple: D:4-7

Altars:
Gozag

Annotations:
D:1 exclusion: door
D:2 exclusion: 2 downstairs
D:4 exclusion: upstairs


Innate Abilities, Weirdness & Mutations

You do not eat or drink.
Your flesh is vulnerable to fire.
You are immune to poison.
Your flesh is cold resistant. (rC+)
You are immune to negative energy. (rN+++)
You are immune to unholy pain and torment.
You can survive without breathing.


Message History

Casting: Magic Dart
Confirm with . or Enter, or press ? or * to list all spells.
Aiming: Magic Dart
Press: ? - help, Shift-Dir - straight line, f/p - orc wizard
Aim: an orc wizard, wielding a dagger and wearing a robe (almost dead)
The magic dart hits the orc wizard.
The orc wizard is almost dead.
The bat barely misses you.
The orc wizard hits you but does no damage.
Casting: Magic Dart
Confirm with . or Enter, or press ? or * to list all spells.
You don't have enough magic to cast that spell.
The bat hits you but does no damage. The bat misses you.
You closely miss the orc wizard.
The orc wizard is almost dead.
The bat hits you but does no damage. The bat closely misses you.
The orc wizard gestures at you while chanting.
The puff of flame hits you! The fire burns you terribly!
You die...
Your body crumbles into a pile of gold.

#....##.⌠.##....
######...####$##o....
#....................
#.####........###....
$ #.........[.###....
#..#..............
.....#..<)..#.......
....####.##o#.......
..........@b#.###...
....####.####.## ...
..............? .
.#.............
.....(.......##
.####....b...#
#......[.# #........#
#........# $


You could see an orc wizard and a bat.

Vanquished Creatures
  Robin (D:3)
  2 adders (D:2)
  2 gnolls (D:2)
  An ooze (D:1)
  A worm (D:2)
  2 leopard geckos (D:2)
  8 orcs
  9 bats
  4 giant cockroaches
  10 goblins
  7 hobgoblins
  10 jackals
  9 kobolds
  5 frilled lizards
  7 rats
78 creatures vanquished.

Notes
Turn   | Place    | Note
-------+----------+-------------------------------------------
     0 | D:1      | nightchill the Mummy Wizard began the quest for the Orb.
     0 | D:1      | Reached XP level 1. HP: 13/13 MP: 5/5
     8 | D:1      | Reached skill level 1 in Conjurations
   321 | D:1      | Reached XP level 2. HP: 8/19 MP: 1/7
  1458 | D:2      | Reached XP level 3. HP: 24/24 MP: 3/8
  1532 | D:2      | Learned a level 3 spell: Mephitic Cloud
  1536 | D:2      | Learned a level 3 spell: Conjure Flame
  1994 | D:2      | Found an opulent altar of Gozag.
  2002 | D:2      | Became a worshipper of Gozag Ym Sagoz the Greedy
  2227 | D:2      | Reached XP level 4. HP: 20/30 MP: 0/10
  2380 | D:2      | Reached skill level 1 in Air Magic
  2388 | D:2      | Reached skill level 1 in Poison Magic
  3249 | D:3      | Noticed Robin
  3269 | D:3      | Killed Robin
  3511 | D:3      | HP: 1/30 [orc/trident (1)]
  3644 | D:4      | Noticed a phantom
  3801 | D:2      | Reached XP level 5. HP: 25/35 MP: 6/11
  3958 | D:3      | Killed from afar by an orc wizard

Skill      XL: |  1  2  3  4 |
---------------+-------------+-----
Conjurations   | 1 2 3 |  3.1
Air Magic      | 1 |  1.5
Poison Magic   | 1 |  1.5
Dodging        | |  1.5
Stealth        | |  1.5
Spellcasting   | |  4.0
Summonings     | |  0.7
Translocations | |  0.7

Action                   |  1- 3 |  4- 6 || total
-------------------------+-------+-------++-------
Melee: Short sword       |     3 |       ||     3
       Unarmed           |     1 |       ||     1
       Dagger            |    14 |    77 ||    91
Throw: Stone             |       |     5 ||     5
 Cast: Magic Dart        |   108 |    50 ||   158
       Mephitic Cloud    |       |    13 ||    13
 Stab: Distracted        |       |     1 ||     1
       Confused          |       |     1 ||     1
Armor: Robe              |    11 |    30 ||    41
Dodge: Dodged            |    38 |    65 ||   103
